Match 46014105
Unlisted

Match 46014105
End
Panzergrenadier Squad
Selects Battlefield Espionage Battlegroup
Panzergrenadier Squad
Panzergrenadier Squad
250 Light Carrier
Construct Light Support Kompanie
Panzergrenadier Squad
2.5-tonne Medical Truck
Selects 250/3 Funkpanzerwagen
Selects Intel Disruption Beacon
Fire Support Elements
Pak 38 Mechanized Group
MG34 Team
Selects Plunder
Construct Panzerarmee Kommand
Selects Anti-Tank Incendiary Munitions
Walking Stuka Rocket Launcher
Selects Firestorm
Pak 38 Mechanized Group
2.5-tonne Medical Truck
Flak 36 Anti-tank Gun Team
Cow
Cheeki Bяeeki
A Quick Workaround
Give ma Life 4 Pakistannn
CptLink( jimmy)
Illusive Man
A Sassy Badger
BigWrebbs
0
0

Comments sign in to comment!

No comments posted yet!